[Event "Team 45 45 League T68"]
[Site "Internet Chess Club"]
[Date "2016.04.10"]
[Round "5"]
[White "TheRailgun"]
[Black "RickyWang"]
[Result "1-0"]
[WhiteElo "1892"]
[BlackElo "1838"]
[Opening "Ruy Lopez: closed defense"]
[ECO "C84"]
[Time "20:00:45"]
[TimeControl "2700+45"]

1. e4 e5 2. Nf3 Nc6 3. Bb5 a6 4. Ba4 Nf6 5. O-O Be7 6. d3 b5 7. Bb3 d6 8. a4 Bd7
9. Re1 Na5 10. Ba2 b4 11. Nbd2 O-O 12. Nf1 Nb7 13. Ng3 Nc5 14. a5 Rb8 15. Bc4
Be6 16. Bxe6 Nxe6 17. Nf5 c5 18. Nxe7+ Qxe7 19. g3 Rb5 20. c3 Rfb8 21. c4 R5b7
22. Nh4 Nd4 23. Be3 Qd7 24. Bxd4 cxd4 25. Kg2 h6 26. Nf5 d5 27. cxd5 Nxd5 28.
exd5 Qxf5 29. Qf3 Qxf3+ 30. Kxf3 f6 31. Rec1 Rb5 32. Ke4 Rd8 33. Rc6 Rdxd5 34.
Rxa6 Kh7 35. Ra4 Kg6 36. f3 Rdc5 37. f4 exf4 38. gxf4 Kh5 39. Kxd4 Kg4 40. Rxb4
Rxb4+ 41. Kxc5 Rxb2 42. Rb6 Ra2 43. a6 Kxf4 44. Kc6 Ke3 45. Kb7 Kxd3 46. a7 f5
47. Ra6 Rb2+ 48. Kc7 Rc2+ 49. Kd7 Ke3 50. a8=Q f4 51. Ra3+ {Black resigns} 1-0

[Event "Team 45 45 League T68"]
[Site "Internet Chess Club"]
[Date "2016.04.09"]
[Round "5"]
[White "JasonModer"]
[Black "chessnow"]
[Result "1-0"]
[WhiteElo "1946"]
[BlackElo "1751"]
[Opening "Grünfeld: 5.e3"]
[ECO "D94"]
[Time "11:06:37"]
[TimeControl "2700+45"]

1. d4 Nf6 2. c4 g6 3. Nc3 d5 4. e3 Bg7 5. Nf3 O-O 6. cxd5 Nxd5 7. Bc4 Nxc3 8.
bxc3 c5 9. O-O Nd7 10. Ba3 Qa5 11. Qb3 Bf6 12. e4 e6 13. e5 Bg7 14. Ng5 Re8 15.
Ne4 cxd4 16. Nd6 Rd8 17. Nxf7 Nxe5 18. Nxd8 Nxc4 19. Qxc4 Qxa3 20. Nxe6 Qxc3 21.
Qxc3 dxc3 22. Nxg7 Kxg7 23. Rac1 Bd7 24. Rxc3 Bc6 25. Re1 Kf7 26. f4 Rd8 27. Re2
Rd4 28. g3 h5 29. Kf2 Rd6 30. Ke1 Kf6 31. Rd2 Re6+ 32. Kf2 Kf5 33. Re3 Rxe3 34.
Kxe3 Ke6 35. Kd4 Kd6 36. Re2 Bd7 37. Re5 Be6 38. a3 Bf5 39. Rd5+ Ke6 40. Rd8 Bh3
41. Rg8 Kf7 42. Rb8 Bg2 43. Ke5 Bc6 44. Rh8 Kg7 45. Rc8 Bf3 46. Rc7+ Kg8 47. Kf6
Be4 48. h3 Kh8 49. g4 hxg4 50. hxg4 Kg8 51. f5 gxf5 52. g5 f4 53. g6 Bxg6 54.
Kxg6 Kf8 55. Rxb7 a5 56. Ra7 Ke8 57. Rxa5 f3 58. Rf5 f2 59. Rxf2 {Black resigns}
1-0

[Event "Team 45 45 League T68"]
[Site "Internet Chess Club"]
[Date "2016.04.11"]
[Round "5"]
[White "qingjoshua"]
[Black "anna"]
[Result "1-0"]
[WhiteElo "1792"]
[BlackElo "1832"]
[Opening "Ruy Lopez: closed, Smyslov defense"]
[ECO "C93"]
[Time "17:00:17"]
[TimeControl "2700+45"]

1. e4 e5 2. Nf3 Nc6 3. Bb5 a6 4. Ba4 Nf6 5. O-O Be7 6. Re1 b5 7. Bb3 O-O 8. c3
d6 9. h3 h6 10. d4 exd4 11. cxd4 Bb7 12. Nc3 Nh7 13. Bf4 Ng5 14. Nxg5 Bxg5 15.
Bg3 Bh4 16. Bxh4 Qxh4 17. Nd5 Rac8 18. Rc1 Ne7 19. g3 {Black resigns} 1-0

[Event "Team 45 45 League T68"]
[Site "Internet Chess Club"]
[Date "2016.04.12"]
[Round "5"]
[White "vjbaker"]
[Black "gyu123987kool"]
[Result "1-0"]
[WhiteElo "1790"]
[BlackElo "1708"]
[Opening "Ruy Lopez: four knights (Tarrasch) variation"]
[ECO "C77"]
[Time "18:02:31"]
[TimeControl "2700+45"]

1. e4 e5 2. Nf3 Nc6 3. Bb5 a6 4. Ba4 Nf6 5. Nc3 b5 6. Bb3 Bc5 7. d3 O-O 8. O-O
d6 9. Nd5 Nxd5 10. Bxd5 Bd7 11. c3 Rb8 12. d4 exd4 13. cxd4 Bb6 14. Be3 Ne7 15.
Bb3 h6 16. Qd2 Kh7 17. Rac1 Ng6 18. Ne1 f5 19. f3 fxe4 20. fxe4 Rxf1+ 21. Kxf1
Qh4 22. Nf3 Qxe4 23. Bc2 Qg4 24. h3 Qg3 25. Bf4 Ba5 26. Qe3 Re8 27. Qxe8 {Black
resigns} 1-0

[Event "Team 45 45 League T68"]
[Site "Internet Chess Club"]
[Date "2016.04.08"]
[Round "5"]
[White "SlimeDog2"]
[Black "Tobiasdelmonte"]
[Result "1/2-1/2"]
[WhiteElo "2016"]
[BlackElo "1781"]
[Opening "QGD: Tarrasch, Prague variation, 7...Be7"]
[ECO "D34"]
[Time "22:00:41"]
[TimeControl "2700+45"]

1. d4 d5 2. c4 e6 3. Nc3 c5 4. cxd5 exd5 5. Nf3 Nc6 6. g3 Nf6 7. Bg2 Be7 8. a3
O-O 9. O-O c4 10. b3 Na5 11. bxc4 Nxc4 12. Ne5 Nb6 13. a4 Be6 14. a5 Nbd7 15. a6
Nxe5 16. dxe5 Ng4 17. axb7 Rb8 18. Nxd5 Rxb7 19. Nxe7+ Rxe7 20. Ba3 Rd7 21. Qa4
Re8 22. Bc6 Nxe5 23. Bxd7 Qxd7 24. Qxd7 Bxd7 25. Rfd1 Bb5 26. Bb2 Nc4 27. Rxa7
Nxb2 28. Rb1 Bxe2 29. Rxb2 Bf3 30. Re7 Rd8 31. Re1 g6 32. Rb3 Bg4 33. f3 Be6 34.
Rb2 h5 35. Kf2 Kg7 36. Re3 Kf6 37. Rb4 Rd2+ 38. Re2 Rd1 39. Rf4+ Kg7 40. Ke3 Ra1
41. Kd4 Ra5 42. Rc2 g5 43. Re4 Rd5+ 44. Ke3 Bf5 45. g4 hxg4 46. fxg4 Bxe4 47.
Kxe4 Ra5 {Game drawn by mutual agreement} 1/2-1/2

[Event "Team 45 45 League T68"]
[Site "Internet Chess Club"]
[Date "2016.04.10"]
[Round "5"]
[White "JPSVI"]
[Black "sharky123"]
[Result "0-1"]
[WhiteElo "1559"]
[BlackElo "1857"]
[Opening "Queen's bishop game"]
[ECO "D00"]
[Time "18:30:25"]
[TimeControl "2700+45"]

1. d4 d5 2. Bf4 Nf6 3. Nf3 c5 4. e3 Nc6 5. a3 Qb6 6. b3 Bg4 7. dxc5 Qxc5 8. Be2
e6 9. Nbd2 Be7 10. h3 Bf5 11. c4 dxc4 12. Bxc4 b5 13. Be2 Nd5 14. Rc1 Qb6 15.
Bh2 Bxa3 16. Ra1 Nc3 17. Qc1 {White resigns} 0-1

[Event "Team 45 45 League T68"]
[Site "Internet Chess Club"]
[Date "2016.04.10"]
[Round "5"]
[White "Holzschlange"]
[Black "nidusin2"]
[Result "1/2-1/2"]
[WhiteElo "1815"]
[BlackElo "1580"]
[Opening "Réti opening"]
[ECO "A04"]
[Time "09:06:58"]
[TimeControl "2700+45"]

1. Nf3 Nc6 2. c4 e6 3. d4 d5 4. g3 Bb4+ 5. Bd2 Bxd2+ 6. Nbxd2 Nf6 7. Bg2 O-O 8.
O-O Re8 9. Qc2 e5 10. dxe5 Nxe5 11. Nxe5 Rxe5 12. Nf3 Re7 13. cxd5 Nxd5 14. Rfd1
Rd7 15. Ne5 Rd6 16. Qb3 Be6 17. Nc4 Nb6 18. Rxd6 cxd6 19. Nxb6 Bxb3 20. Nxa8
Qxa8 21. axb3 Kf8 22. Bd5 Ke7 23. b4 Qb8 24. b5 b6 25. Ra3 Qc7 26. Re3+ Kf8 27.
Bc6 g6 28. Rc3 Qe7 29. e4 f6 30. Bd5 Kg7 31. Kg2 h5 32. h4 g5 33. hxg5 fxg5 34.
Rf3 Kh6 35. Rf7 Qe5 36. b3 Qa1 37. Re7 Qa3 38. Re6+ Kg7 39. Re7+ Kf8 40. Rf7+
Ke8 41. Rh7 h4 42. gxh4 gxh4 43. Rxh4 Ke7 44. Rh7+ Kf6 45. Kg3 Qa1 46. Rh6+ Kg5
47. Rh7 Qg1+ 48. Kf3 Qd1+ 49. Ke3 Qe1+ 50. Kf3 Qc3+ 51. Kg2 Qa5 52. Bc4 Kf4 53.
Rh4+ Kg5 54. Rh7 Qe1 55. Kf3 Qd1+ 56. Ke3 Qc1+ 57. Ke2 Kf4 58. Rxa7 Kxe4 59.
Re7+ Kd4 60. Re6 Qf4 61. Re3 d5 62. Rd3+ Kc5 63. Rxd5+ Kb4 64. f3 Kc3 65. Rd3+
Kc2 66. Rd5 Kc3 {Game drawn by mutual agreement} 1/2-1/2

[Event "Team 45 45 League T68"]
[Site "Internet Chess Club"]
[Date "2016.04.08"]
[Round "5"]
[White "fireball"]
[Black "idjit"]
[Result "1/2-1/2"]
[WhiteElo "1554"]
[BlackElo "1573"]
[Opening "Sicilian: Smith-Morra gambit"]
[ECO "B21"]
[Time "11:00:58"]
[TimeControl "2700+45"]

1. e4 c5 2. d4 cxd4 3. c3 dxc3 4. Nxc3 e6 5. Nf3 Bb4 6. Qd4 Nc6 7. Qxg7 Qf6 8.
Qxf6 Nxf6 9. Bd3 Rg8 10. g3 d5 11. exd5 Nxd5 12. Bd2 Nf6 13. Ne4 Nd5 14. a3
Bxd2+ 15. Kxd2 Ke7 16. b4 b6 17. Rac1 Bd7 18. Rhe1 Rac8 19. Nc3 Nxc3 20. Rxc3 h6
21. Be4 f6 22. Rec1 Kd6 23. Rd3+ Ke7 24. Rdc3 Kd6 25. Nh4 Ne5 26. f4 Ng4 27. h3
Rxc3 28. Rxc3 f5 29. Rd3+ Ke7 30. Bxf5 exf5 31. hxg4 Rxg4 32. Re3+ Kf6 33. Ke2
Bc6 34. Kf2 Be4 35. Rc3 Rg7 36. Rc8 Rd7 37. Rh8 Kg7 38. Re8 a5 39. bxa5 bxa5 40.
Re5 Rd2+ 41. Ke1 Rd3 42. Nxf5+ Bxf5 43. Rxf5 Rxa3 44. Kf2 a4 45. Ra5 Ra1 46. Kf3
a3 47. Kg4 a2 48. f5 h5+ 49. Kg5 h4 50. f6+ Kf7 51. Ra7+ Ke6 52. f7 Rf1 53. Kxh4
Rxf7 54. Rxa2 Rg7 55. Ra5 Kf6 56. g4 Rh7+ 57. Kg3 Rg7 58. Kf4 Rg6 59. Rf5+ Kg7
60. g5 Kg8 61. Ra5 Re6 62. Kf5 Rd6 63. g6 Rc6 64. Ra7 Kf8 65. Kg5 Rc1 66. Ra4
Rg1+ 67. Kf5 Rf1+ 68. Rf4 Rxf4+ 69. Kxf4 Kg7 70. Kf5 Kg8 71. Kf6 Kf8 72. Kg5 Kg7
73. Kh5 Kg8 74. Kh6 Kh8 75. Kg5 Kg7 76. Kf5 Kg8 77. Ke6 Kg7 78. Kf5 Kg8 79. Kf6
Kf8 80. Ke6 Kg7 81. Kf5 Kg8 82. Kg5 Kg7 83. Kh5 Kg8 84. Kh6 Kh8 85. g7+ Kg8 86.
Kg6 {Black stalemated} 1/2-1/2

[Event "Team 45 45 League T68"]
[Site "Internet Chess Club"]
[Date "2016.04.10"]
[Round "5"]
[White "MikeTtheGuru"]
[Black "Pomberito"]
[Result "0-1"]
[WhiteElo "1969"]
[BlackElo "2091"]
[Opening "King's Indian: fianchetto, classical variation, 8.e4"]
[ECO "E68"]
[Time "15:05:47"]
[TimeControl "2700+45"]

1. c4 Nf6 2. Nc3 g6 3. g3 Bg7 4. Bg2 O-O 5. Nf3 d6 6. d4 Nbd7 7. O-O e5 8. e4 c6
9. b3 Re8 10. h3 exd4 11. Nxd4 Nc5 12. Re1 a5 13. Rb1 Qc7 14. Bf4 Nfd7 15. Be3
Nf8 16. Qc2 Bd7 17. Rbd1 Rad8 18. a3 Bc8 19. b4 axb4 20. axb4 Ncd7 21. f4 h5 22.
Rd2 Nf6 23. b5 N8d7 24. Nb3 Nb6 25. Bxb6 Qxb6+ 26. Kh2 Be6 27. Na4 Qa7 28. Nd4
Bd7 29. Nc3 h4 30. gxh4 Nh5 31. Nde2 Qf2 32. Rf1 Qxh4 33. bxc6 bxc6 34. Rd3 Be6
35. Nd1 Bh6 36. Qc1 d5 37. cxd5 cxd5 38. Qe3 dxe4 39. Rxd8 Rxd8 40. Bxe4 Nf6
{White resigns} 0-1

[Event "Team 45 45 League T68"]
[Site "Internet Chess Club"]
[Date "2016.04.11"]
[Round "5"]
[White "f5"]
[Black "jjimalo"]
[Result "1-0"]
[WhiteElo "2095"]
[BlackElo "1790"]
[Opening "Queen's Indian: 4.g3 Bb7"]
[ECO "E15"]
[Time "14:02:54"]
[TimeControl "2700+45"]

1. d4 Nf6 2. c4 e6 3. Nf3 b6 4. g3 Bb7 5. Bg2 d5 6. O-O Be7 7. Nc3 O-O 8. Ne5
Nbd7 9. Qc2 c5 10. e3 cxd4 11. exd4 Rc8 12. Qa4 Nxe5 13. dxe5 Bc6 14. Qd1 Ne4
15. Nxe4 dxe4 16. Qe2 Qd4 17. Bf4 f5 18. exf6 Bxf6 19. b3 Qd3 20. Rae1 b5 21.
Bxe4 Bxe4 22. Qxe4 bxc4 23. Qxe6+ Kh8 24. Re3 Qc2 25. bxc4 Rxc4 26. Re2 Qa4 27.
Be3 Re4 28. Qb3 Qxb3 29. axb3 Rfe8 30. Ra2 Rb4 31. Rb1 h6 32. Bxa7 Ra8 33. Bc5
Rxa2 34. Bxb4 Bd4 35. Be1 Kg8 36. b4 Kf7 37. Rd1 Be5 38. f4 Bf6 39. Bf2 Rb2 40.
Bc5 Bc3 41. Rd7+ Kg6 42. g4 Rb1+ 43. Kg2 Bxb4 44. f5+ Kh7 45. Bd4 {Black
resigns} 1-0

[Event "Team 45 45 League T68"]
[Site "Internet Chess Club"]
[Date "2016.04.10"]
[Round "5"]
[White "pishd"]
[Black "Freitac"]
[Result "1/2-1/2"]
[WhiteElo "1849"]
[BlackElo "1941"]
[Opening "King's Indian: East Indian defense"]
[ECO "A48"]
[Time "13:14:59"]
[TimeControl "2700+45"]

1. d4 Nf6 2. Nf3 g6 3. e3 Bg7 4. Be2 O-O 5. O-O c5 6. Nbd2 b6 7. c3 Bb7 8. Re1
d6 9. Bf1 Nbd7 10. e4 Qc7 11. d5 e6 12. dxe6 fxe6 13. Qb3 d5 14. exd5 exd5 15.
Ng5 Ng4 16. Ndf3 Nde5 17. Nxe5 Bxe5 18. g3 Bxg3 19. fxg3 Rf2 20. Bf4 Rxf4 21.
gxf4 Qxf4 22. Re2 Qxg5 23. Rae1 Ne5+ 24. Kh1 Nf3 25. Rg2 Qh4 26. Re3 Ne1 27.
Rgg3 c4 28. Qd1 d4+ 29. Kg1 dxe3 30. Qxe1 Qf4 31. Qxe3 Rf8 32. Qxf4 Rxf4 33. Re3
b5 34. Bh3 Kf8 35. Bd7 a6 36. Re8+ Kg7 37. Rb8 Bd5 38. a4 bxa4 39. Bxa4 Rg4+ 40.
Kf1 Rh4 41. Kg1 Rg4+ 42. Kf1 Rh4 43. Kg1 Rg4+ 44. Kf1 Kh6 45. Rb6 Be4 46. Rxa6
Rf4+ 47. Kg1 Bd3 48. Rd6 Rf1+ 49. Kg2 Ra1 {Game drawn by mutual agreement}
1/2-1/2

[Event "Team 45 45 League T68"]
[Site "Internet Chess Club"]
[Date "2016.04.11"]
[Round "5"]
[White "primerpaso"]
[Black "elmaestro"]
[Result "1-0"]
[WhiteElo "1845"]
[BlackElo "1702"]
[Opening "English: Anglo-Dutch defense"]
[ECO "A10"]
[Time "20:16:23"]
[TimeControl "2700+45"]

1. c4 f5 2. Nc3 Nf6 3. g3 e6 4. Bg2 Be7 5. e4 fxe4 6. Nxe4 Nxe4 7. Bxe4 d5 8.
Qh5+ Kf8 9. cxd5 Qe8 10. Qf3+ Qf7 11. Qxf7+ Kxf7 12. dxe6+ Kxe6 13. d4 c6 14.
Ne2 Bf6 15. Be3 Na6 16. O-O-O Nb4 17. Nf4+ Kd6 18. a3 Nd5 19. Nxd5 cxd5 20. Bf4+
Kc6 21. Bc2 Bg4 22. Rd3 Rac8 23. Re1 Kd7 24. Be5 Rhe8 25. Kd2 b5 26. Rb3 a6 27.
f3 Bxe5 28. Rxe5 Rxe5 29. dxe5 Be6 30. Rc3 Rf8 31. Ke3 g5 32. Bb3 h6 33. Kd4 Rd8
34. Rc5 Rf8 35. Bxd5 Bxd5 36. Rxd5+ Ke7 37. Ke4 Rc8 38. Rd2 h5 39. Kf5 Rf8+ 40.
Kxg5 Rxf3 41. Re2 a5 42. Kxh5 Ke6 43. Kg4 {Black resigns} 1-0

[Event "Team 45 45 League T68"]
[Site "Internet Chess Club"]
[Date "2016.04.11"]
[Round "5"]
[White "Monterrey"]
[Black "GreyWarden"]
[Result "1/2-1/2"]
[WhiteElo "1990"]
[BlackElo "2020"]
[Opening "King's Indian: orthodox, Aronin-Taimanov, bayonet attack"]
[ECO "E97"]
[Time "18:26:47"]
[TimeControl "2700+45"]

1. d4 Nf6 2. c4 g6 3. Nc3 Bg7 4. e4 d6 5. Nf3 O-O 6. Be2 e5 7. O-O Nc6 8. d5 Ne7
9. b4 Nh5 10. Re1 Nf4 11. Bf1 a5 12. bxa5 Rxa5 13. a4 c5 14. Nd2 Ra6 15. Ra3 Kh8
16. Nb5 Ng8 17. Nf3 Bh6 18. Bb2 Bg7 19. Bc1 Bh6 20. Bb2 Bg7 21. Bc1 Bh6 {Game
drawn by repetition} 1/2-1/2

[Event "Team 45 45 League T68"]
[Site "Internet Chess Club"]
[Date "2016.04.10"]
[Round "5"]
[White "chsrules88"]
[Black "nurmi"]
[Result "1/2-1/2"]
[WhiteElo "2060"]
[BlackElo "2104"]
[Opening "Vienna game"]
[ECO "C25"]
[Time "17:00:46"]
[TimeControl "2700+45"]

1. e4 e5 2. Nc3 Bc5 3. Bc4 Nc6 4. d3 d6 5. h3 Be6 6. Bb3 Nge7 7. Nf3 O-O 8. O-O
Qd7 9. Be3 Nd4 10. Bxd4 exd4 11. Ne2 Nc6 12. Ba4 d5 13. Nexd4 dxe4 14. dxe4 Bxd4
15. Bxc6 Bxf2+ 16. Rxf2 Qxc6 17. Ng5 Qc5 18. Qd2 Rad8 19. Qf4 h6 20. Nf3 f5 21.
e5 Rd7 22. c3 g5 23. Qa4 b5 24. Qa6 c6 25. Nd4 Bd5 26. Re1 Re7 27. Kh1 Be4 28.
e6 Rxe6 29. Nxe6 Qxf2 30. Rxe4 fxe4 31. Nxf8 e3 32. Ne6 Qf1+ 33. Kh2 e2 34. Qc8+
Kf7 35. Nxg5+ hxg5 36. Qd7+ Kf6 37. Qxc6+ Ke5 38. Qxb5+ Ke4 39. Qc4+ Ke5 40.
Qd4+ Ke6 {Game drawn by mutual agreement} 1/2-1/2

[Event "Team 45 45 League T68"]
[Site "Internet Chess Club"]
[Date "2016.04.10"]
[Round "5"]
[White "kidcobra"]
[Black "fishhead"]
[Result "0-1"]
[WhiteElo "1816"]
[BlackElo "1871"]
[Opening "Sicilian: Tartakower variation"]
[ECO "B53"]
[Time "18:11:03"]
[TimeControl "2700+45"]

1. e4 c5 2. Nf3 d6 3. d4 cxd4 4. c3 d3 5. Bxd3 Qc7 6. h3 e5 7. Be3 Nf6 8. Na3 a6
9. Nc4 Nbd7 10. O-O b5 11. Ncd2 Nc5 12. Bxc5 dxc5 13. c4 Bd7 14. Ne1 Be7 15. Nc2
O-O 16. Ne3 g6 17. Nd5 Nxd5 18. exd5 f5 19. f3 Qd6 20. Qe2 b4 21. g4 e4 22. Bc2
Qg3+ 23. Qg2 Qxg2+ 24. Kxg2 e3 25. Rfe1 Bg5 26. Nb3 fxg4 27. hxg4 Bxg4 28. Be4
Bf5 29. Nxc5 Rac8 30. Bxf5 Rxf5 31. Ne4 Rxc4 32. Nd6 Rc2+ 33. Kh3 Rxd5 34. Ne4
Bd8 35. f4 e2 36. Ng3 Rd3 37. Kg2 Re3 38. f5 Bh4 39. Nh1 Bxe1 40. Rxe1 gxf5 41.
Kf2 f4 42. a4 Rxb2 43. a5 b3 44. Ng3 Rxg3 45. Rc1 e1=Q+ 46. Kxe1 Rg1# {White
checkmated} 0-1

[Event "Team 45 45 League T68"]
[Site "Internet Chess Club"]
[Date "2016.04.10"]
[Round "5"]
[White "EndgamesMaster"]
[Black "Intemperate"]
[Result "1/2-1/2"]
[WhiteElo "2333"]
[BlackElo "2176"]
[Opening "Sicilian: O'Kelly variation"]
[ECO "B28"]
[Time "15:59:46"]
[TimeControl "2700+45"]

1. e4 c5 2. Nf3 a6 3. c3 e6 4. d4 d5 5. e5 Bd7 6. Bd3 cxd4 7. cxd4 Bb5 8. Bxb5+
axb5 9. O-O b4 10. Nbd2 Nc6 11. Nb3 Nge7 12. Qd3 Nf5 13. Bd2 Qb6 14. a3 bxa3 15.
bxa3 Ra4 16. Rfb1 Qa6 17. Qxa6 bxa6 18. Bb4 Bxb4 19. axb4 Rxa1 20. Rxa1 Nxb4 21.
Ra4 Nd3 22. Rxa6 O-O 23. Nc5 Nf4 24. Kf1 Rb8 25. Ra1 h6 26. h4 h5 27. g3 Ng6 28.
Ra7 Rc8 29. Nb7 Nge7 30. Ra4 Rc1+ 31. Kg2 Rc4 32. Ra2 Nxd4 33. Nd6 Nxf3 34. Nxc4
Nxh4+ 35. gxh4 dxc4 36. Rc2 Ng6 37. Rxc4 Nxe5 38. Rc8+ Kh7 39. Rc5 f6 40. Kg3
Kg6 41. Ra5 Ng4 42. Ra6 e5 43. Ra7 Nh6 44. Ra4 Nf5+ 45. Kf3 Nd4+ 46. Ke4 Ne6 47.
Ra7 Nf4 48. Ra3 Ne2 49. Re3 Nf4 50. Ra3 Ne6 51. Ra7 Nc5+ 52. Ke3 Ne6 53. Ke4 Nf4
54. Ra3 {Game drawn by repetition} 1/2-1/2

[Event "Team 45 45 League T68"]
[Site "Internet Chess Club"]
[Date "2016.04.12"]
[Round "5"]
[White "gtmorton"]
[Black "infiniteshug"]
[Result "0-1"]
[WhiteElo "2078"]
[BlackElo "2200"]
[Opening "King's Indian: Torre attack"]
[ECO "A48"]
[Time "20:06:57"]
[TimeControl "2700+45"]

1. d4 Nf6 2. Nf3 g6 3. Bg5 Bg7 4. Nbd2 d5 5. e3 O-O 6. Bd3 c5 7. c3 Nc6 8. O-O
h6 9. Bxf6 Bxf6 10. dxc5 Qc7 11. Qc2 b6 12. cxb6 axb6 13. Nd4 e5 14. Nb5 Qd7 15.
e4 d4 16. Rfd1 Rd8 17. Bc4 Na5 18. Bd5 Bb7 19. a4 Rac8 20. Bxb7 Nxb7 21. c4 Nc5
22. b4 Na6 23. Qb2 Be7 24. a5 bxa5 25. bxa5 Qe6 26. Ra4 Bg5 27. Nf3 Nc5 28. Ra3
Be7 29. Nd2 Rc6 30. f3 Bg5 31. Qa2 h5 32. h3 Kg7 33. Qc2 Ra8 34. Qa2 Qe7 35. Qc2
Rca6 36. Rda1 Qd8 37. Nb3 Nxb3 38. Qxb3 Rxa5 39. Rxa5 Rxa5 40. Rd1 Be3+ 41. Kh2
Qe7 42. Qc2 Qg5 43. g3 h4 44. Qg2 hxg3+ 45. Kh1 Qh4 46. Nd6 Ra2 {White resigns}
0-1

[Event "Team 45 45 League T68"]
[Site "Internet Chess Club"]
[Date "2016.04.10"]
[Round "5"]
[White "GreyWarden"]
[Black "SlimeDog2"]
[Result "1-0"]
[WhiteElo "2021"]
[BlackElo "1999"]
[Opening "Ruy Lopez: closed, Breyer, Borisenko variation"]
[ECO "C95"]
[Time "22:02:37"]
[TimeControl "2700+45"]

1. e4 e5 2. Nf3 Nc6 3. Bb5 a6 4. Ba4 Nf6 5. O-O Be7 6. Re1 b5 7. Bb3 O-O 8. h3
d6 9. c3 Nb8 10. d4 Nbd7 11. Nbd2 Bb7 12. Bc2 Re8 13. Nf1 Bf8 14. Ng3 g6 15. b3
exd4 16. cxd4 c5 17. Bb2 Bg7 18. e5 Nd5 19. exd6 Rxe1+ 20. Qxe1 cxd4 21. Bxd4
Bxd4 22. Nxd4 Qf6 23. Qd2 Qxd6 24. Be4 Nc5 25. Bf3 Rd8 26. Rd1 Nf4 27. b4 Bxf3
28. bxc5 Nxh3+ 29. Kh2 Qxc5 30. gxf3 Ng5 31. Kg2 Qd5 32. Qe3 h6 33. Rd2 Qd7 34.
f4 Re8 35. Qd3 Qh3+ 36. Kg1 Re1+ 37. Nf1 Qg4+ 38. Qg3 Nh3+ 39. Kh2 Qxf4 40. Kxh3
Qe4 41. f3 Qb1 42. Nh2 Rg1 43. Qe5 Rg5 44. Qe4 Qg1 45. Qh4 Qh1 46. Qf2 Rh5+ 47.
Kg3 Rg5+ 48. Ng4 f5 49. Ne6 fxg4 50. Rd8+ Kh7 51. Nxg5+ hxg5 52. Qh2+ Qxh2+ 53.
Kxh2 gxf3 54. Kg3 {Black resigns} 1-0

[Event "Team 45 45 League T68"]
[Site "Internet Chess Club"]
[Date "2016.04.11"]
[Round "5"]
[White "swagnik"]
[Black "Percival"]
[Result "1-0"]
[WhiteElo "1844"]
[BlackElo "1968"]
[Opening "French: Two knights variation"]
[ECO "C00"]
[Time "17:02:22"]
[TimeControl "2700+45"]

1. e4 e6 2. Nc3 d5 3. Nf3 Nf6 4. e5 Ne4 5. Bb5+ c6 6. Ba4 Be7 7. O-O O-O 8. d3
Nxc3 9. bxc3 Qa5 10. Bb3 Qxc3 11. Bd2 Qc5 12. d4 Qb6 13. c4 dxc4 14. Bxc4 Nd7
15. Rb1 Qc7 16. Bd3 Rd8 17. Qc2 Nf8 18. Rfe1 b6 19. Be4 Bb7 20. Rec1 Rac8 21.
Rb3 c5 22. Bxb7 Qxb7 23. Rc3 Qd5 24. Be3 Rc7 25. dxc5 Bxc5 26. Bxc5 Rxc5 27.
Rxc5 bxc5 28. h3 Rc8 29. Rd1 Qb7 30. Rb1 Qa6 31. Rc1 c4 32. Nd2 Nd7 33. Qb2 Nb6
34. Ne4 h6 35. Nd6 Rc7 36. Rd1 c3 37. Qc2 Qa4 38. Qxa4 Nxa4 39. Rc1 Rc5 40. Ne4
Rxe5 41. Nxc3 Nxc3 42. Rxc3 Re1+ 43. Kh2 Re2 44. Ra3 Rxf2 45. Rxa7 e5 46. Kg3
Rb2 47. a4 Ra2 48. Kf3 f6 49. a5 Kh7 50. g4 Ra3+ 51. Ke4 Rxh3 52. Kd5 Ra3 53. a6
Ra4 54. Kc6 Rxg4 55. Rc7 Ra4 56. Kb5 Ra1 57. Rc4 Rd1 58. Ra4 Rd8 59. a7 Ra8 60.
Kc6 h5 61. Kb7 Rxa7+ 62. Rxa7 h4 63. Kc6 Kh6 64. Kd5 g5 65. Ke4 g4 66. Kf5 g3
67. Ra4 Kh5 68. Ra8 Kh6 69. Kxf6 Kh5 70. Kf5 Kh6 71. Ra4 Kh5 72. Ra8 Kh6 73.
Rh8+ {Black resigns} 1-0

[Event "Team 45 45 League T68"]
[Site "Internet Chess Club"]
[Date "2016.04.09"]
[Round "5"]
[White "egyptiantiger"]
[Black "gump12345"]
[Result "1/2-1/2"]
[WhiteElo "1920"]
[BlackElo "2044"]
[Opening "QGD Slav: 4.Nc3"]
[ECO "D15"]
[Time "11:06:18"]
[TimeControl "2700+45"]

1. d4 d5 2. c4 c6 3. Nf3 Nf6 4. Nc3 a6 5. e3 Bf5 6. Bd3 e6 7. O-O Bd6 8. c5 Bc7
9. b4 O-O 10. Qc2 Bxd3 11. Qxd3 Nbd7 12. Rd1 Re8 13. e4 dxe4 14. Nxe4 Nxe4 15.
Qxe4 Nf6 16. Qh4 h6 17. Bf4 Nd5 18. Bxc7 Qxc7 19. Ne5 Nxb4 20. Nc4 Qe7 21. Qg3
Red8 22. Nd6 b6 23. Rab1 bxc5 24. dxc5 Rab8 25. a3 Nd5 26. Rxb8 Rxb8 27. Nxf7
Rf8 28. Nxh6+ Kh7 29. Ng4 Qxc5 30. Qd3+ Kg8 31. g3 Nf6 32. Nxf6+ Rxf6 33. Qd8+
Kh7 34. Qd3+ Kg8 35. Rd2 Qd5 36. Qc2 Qb5 37. Rd8+ Kf7 38. Qd1 Qf5 39. Rd7+ Kg8
40. Rd8+ Kh7 41. Qe2 Qc5 42. Qe4+ Rf5 43. Qh4+ Rh5 44. Qe4+ Rf5 45. Rd4 Qc1+ 46.
Kg2 Qb2 47. Qe3 Rf6 48. Rh4+ Kg8 49. Re4 Qa2 50. Re5 Rf5 51. Rxf5 exf5 52. Qe8+
Kh7 53. Qh5+ Kg8 54. Qxf5 Qxa3 55. Qe6+ Kh7 56. Qxc6 a5 57. h4 Qd3 58. g4 Qg6
59. Qf3 Qf6 60. Qe4+ Qg6 61. Qf3 Qf6 62. Qe4+ Qg6 63. Qc4 Qd6 64. h5 Qb4 65.
Qd3+ Kh8 66. Qf5 a4 67. g5 Qe7 68. g6 Qe8 69. Qf7 Qg8 70. Qa7 Qe8 71. Kg3 Kg8
72. f4 Qe1+ 73. Kg4 Qe2+ 74. Kg3 Qe1+ 75. Kf3 Qf1+ 76. Kg3 Qe1+ {Game drawn by
repetition} 1/2-1/2

[Event "Team 45 45 League T68"]
[Site "Internet Chess Club"]
[Date "2016.04.16"]
[Round "5"]
[White "xwang1"]
[Black "JJ12"]
[Result "1-0"]
[WhiteElo "2088"]
[BlackElo "2100"]
[Opening "Ruy Lopez: Schliemann defense"]
[ECO "C63"]
[Time "18:01:10"]
[TimeControl "2700+45"]

1. e4 e5 2. Nf3 Nc6 3. Bb5 f5 4. d3 fxe4 5. dxe4 Nf6 6. Nc3 Bc5 7. Bg5 d6 8. Nd5
Rf8 9. O-O Bg4 10. Nxf6+ gxf6 11. Bh6 Rg8 12. Qd5 Kd7 13. Kh1 Be6 14. Qd2 Qe8
15. Be3 Bb6 16. Rg1 Qh5 17. Be2 Qg6 18. Bxb6 axb6 19. Qe3 Ra4 20. Bd3 Qh5 21. b3
Ra5 22. Be2 Qg6 23. a4 Rc5 24. Rac1 Ke7 25. Bb5 Bg4 26. c3 Nd8 27. b4 Rxb5 28.
axb5 Qh5 29. h3 Nf7 30. Nh2 Bd7 31. c4 Ng5 32. c5 bxc5 33. bxc5 Ne6 34. cxd6+
cxd6 35. b6 Qg6 36. Nf3 Qh5 37. Nh2 Qg6 38. Nf3 Qh5 39. Kh2 Nf4 40. Nd4 Kd8 41.
Rc7 Rg5 42. Rxb7 Qg6 43. g4 h5 44. Rb8+ Ke7 45. Nf5+ Bxf5 46. exf5 Qh6 47. Qa3
{Black resigns} 1-0

[Event "Team 45 45 League T68"]
[Site "Internet Chess Club"]
[Date "2016.04.10"]
[Round "5"]
[White "jt2000"]
[Black "SAC2001"]
[Result "1/2-1/2"]
[WhiteElo "2036"]
[BlackElo "1922"]
[Opening "Scotch gambit: Dubois-Réti defense"]
[ECO "C55"]
[Time "12:46:20"]
[TimeControl "2700+45"]

1. e4 e5 2. Nf3 Nc6 3. Bc4 Nf6 4. d4 exd4 5. e5 d5 6. Bb5 Ne4 7. Nxd4 Bd7 8.
Bxc6 bxc6 9. O-O Bc5 10. f3 Ng5 11. f4 Ne4 12. Be3 O-O 13. Nd2 Nxd2 14. Qxd2 Qe7
15. Nb3 Bb6 16. Qc3 f6 17. Nc5 Rae8 18. b4 fxe5 19. fxe5 Rf5 20. Bd4 Bxc5 21.
bxc5 Qg5 22. Rab1 h6 23. Qd3 Rxf1+ 24. Rxf1 Be6 25. Qf3 Rb8 26. Qd3 Rf8 27. c3
Rxf1+ 28. Qxf1 Qg6 29. Qe2 Bg4 30. Qb2 Be6 31. Kf1 Qd3+ 32. Kg1 a5 33. h3 Qg3
34. Qb8+ Kh7 35. Qb1+ Qg6 36. Qxg6+ Kxg6 37. Kf2 Kf5 38. Kf3 g5 39. g4+ Kg6
{Game drawn by mutual agreement} 1/2-1/2